[Event "*** Titled Tuesday Blitz"]
[Site "Chess.com"]
[Date "2019.12.03"]
[Round "2"]
[White "Sankalp_Gupta2003"]
[Black "PavelChernomordik"]
[Result "0-1"]
[WhiteElo "2762"]
[BlackElo "2445"]
[TimeControl "180+2"]
[EndTime "13:21:52 PST"]
[Termination "PavelChernomordik won by resignation"]

1. d4 g6 2. e4 Bg7 3. Nc3 d6 4. Nf3 a6 5. Bg5 h6 6. Bf4 b5 7. Bd3 Nd7 8. Qd2 c5 9. dxc5 Nxc5 10. O-O-O Bb7 11. Rhe1 b4 12. Nd5 Bxd5 13. exd5 Na4 14. Qxb4 Bxb2+ 15. Kb1 Nc3+ 16. Kxb2 Rb8 17. Kxc3 Rxb4 18.
Kxb4 Qb6+ 19. Ka4 Nf6 20. Rb1 Qc7 21. c4 O-O 22. Nd4 Nd7 23. Kb3 Qb6+ 24. Kc3 Qa5+ 25.
Kb2 Rb8+ 26. Nb3 Ne5 27. Bxe5 dxe5 28. Bc2 Qb4 29. Rxe5 Qxc4 30. Rc1 Qd4+ 31. Ka3 Qxe5 32. Bd3 Qxd5 33. Bf1 a5 34. Bc4 Qd6+ 35. Kb2 a4 36. Rc2 axb3 37. Bxb3 Qxh2 38. g3 Qh5 39. a3 Qe5+ 40.
Rc3 Rc8 0-1

[Event "*** Titled Tuesday Blitz"]
[Site "Chess.com"]
[Date "2019.12.03"]
[Round "2"]
[White "politeplayer"]
[Black "CarlssonLudvig"]
[Result "1-0"]
[WhiteElo "2226"]
[BlackElo "2436"]
[TimeControl "180+2"]
[EndTime "13:21:56 PST"]
[Termination "politeplayer won by checkmate"]

1. e4 c6 2. Nf3 d5 3. exd5 cxd5 4. d4 Nf6 5. c4 Nc6 6. Nc3 Be6 7. c5 g6 8. Bg5 Bg7 9. Bxf6 Bxf6 10. Bb5 O-O 11. Bxc6 bxc6 12. h3 Qb8 13. Qd2 Bf5 14. O-O Re8 15.
Rfe1 e5 16. dxe5 Bxe5 17. Nxe5 Rxe5 18. Rxe5 Qxe5 19. Re1 Qf6 20. Qf4 Qd8 21. Re5 Rb8 22.
b3 a5 23. Ne2 Rb4 24. Qg3 Qf6 25.
Re8+ Kg7 26. Nf4 Qa1+ 27. Kh2 Qd1 28. f3 Qd4 29. Nh5+ Kh6 30. f4 f6 31. Re7 a4 32. h4 axb3 33. Nxf6 Qxf6 34. Qg5+ Qxg5 35. hxg5+ Kh5 36. Kg3 h6 37. Rh7 Rxf4 38. Kxf4 Kh4 39. Rxh6# 1-0

[Event "*** Titled Tuesday Blitz"]
[Site "Chess.com"]
[Date "2019.12.03"]
[Round "2"]
[White "Azatic"]
[Black "HrvojeZagreb"]
[Result "1/2-1/2"]
[WhiteElo "2636"]
[BlackElo "2221"]
[TimeControl "180+2"]
[EndTime "13:21:57 PST"]
[Termination "Game drawn by repetition"]

1. e4 e6 2. d4 d5 3. e5 c5 4. c3 Nc6 5. Nf3 Bd7 6. a3 f6 7. Bb5 Nxe5 8. Nxe5 fxe5 9. Bxd7+ Qxd7 10. Qh5+ g6 11.
Qxe5 Bg7 12. Qe3 Ne7 13. dxc5 Nf5 14. Qe2 O-O 15. O-O e5 16. Nd2 e4 17. Nb3 Nh4 18.
Kh1 Rf3 19. gxf3 Qh3 20. Rg1 Nxf3 21. Rg2 Be5 22. Qe3 Kg7 23. Nd4 Nxh2 24. Qh6+ Qxh6 25. Bxh6+ Kxh6 26. Rxh2+ Bxh2 27. Kxh2 Kg5 28. Kg3 h5 29. Rh1 Re8 30. f4+ exf3 31. Kxf3 Rf8+ 32. Ke3 Rf5 33. c6 bxc6 34. Nxc6 h4 35. Nd4 Re5+ 36. Kf3 Re4 37.
b4 Kh5 38. Rg1 g5 39. Nc2 g4+ 40.
Kf2 g3+ 41. Kf3 Re8 42. Nd4 Rf8+ 43. Kg2 Kg4 44. Re1 Rf2+ 45. Kg1 h3 46. Ne2 Rg2+ 47. Kh1 Rh2+ 48. Kg1 Rg2+ 49. Kh1 Rh2+ 50. Kg1 Rg2+ 1/2-1/2

[Event "*** Titled Tuesday Blitz"]
[Site "Chess.com"]
[Date "2019.12.03"]
[Round "2"]
[White "PowerThinking2650"]
[Black "LuckIsMySkill"]
[Result "0-1"]
[WhiteElo "2344"]
[BlackElo "2730"]
[TimeControl "180+2"]
[EndTime "13:21:58 PST"]
[Termination "LuckIsMySkill won by resignation"]

1. e4 c6 2. d4 d5 3. Nc3 dxe4 4. Nxe4 Nd7 5. Ng5 Ngf6 6. Bd3 e6 7. N1f3 Bd6 8. Qe2 h6 9. Ne4 Nxe4 10.
Qxe4 Qc7 11. Qg4 Kf8 12. Qe4 b6 13. Qe2 Bb7 14. O-O c5 15. Be4 g5 16. Bxb7 Qxb7 17. dxc5 Bxc5 18. b3 Ke7 19. Bb2 Rhd8 20. Rad1 Ke8 21.
Bg7 Bf8 22. Bb2 Rac8 23. c4 Nc5 24. Ne5 Qe4 25. Qh5 Qf5 26. Ng4 Rd3 27. Nf6+ Ke7 28. Ng8+ Kd8 29. b4 Nd7 30. Rxd3 Qxd3 31. Qxf7 Rxc4 32. Qxe6 Rxb4 33. Bf6+ Kc7 34. Be5+ Kb7 35. Nf6 Nxf6 36. Bxf6 Bc5 37. Be7 Re4 38. Qf5 Bxe7 39.
h4 Bc5 40. hxg5 hxg5 41. Qxg5 Re2 42. Qg7+ Ka6 43. Qf7 Qc2 44. g3 Qxa2 45. Qf3 Qc2 46. Ra1+ Kb5 47. Rf1 a5 48. Kg2 Rxf2+ 49. Rxf2 Qxf2+ 50. Qxf2 Bxf2 51. Kxf2 a4 52. g4 a3 53. g5 a2 54. g6 a1=Q 0-1

[Event "*** Titled Tuesday Blitz"]
[Site "Chess.com"]
[Date "2019.12.03"]
[Round "2"]
[White "Pultis"]
[Black "Nancy11111"]
[Result "0-1"]
[WhiteElo "2667"]
[BlackElo "2358"]
[TimeControl "180+2"]
[EndTime "13:21:59 PST"]
[Termination "Nancy11111 won on time"]

1. d4 d5 2. Nf3 Nf6 3. Bf4 e6 4. e3 Bd6 5. Bg3 c6 6. Nbd2 Bxg3 7. hxg3 Nbd7 8. c3 Qe7 9. Bd3 h6 10. e4 e5 11. dxe5 Nxe5 12. Nxe5 Qxe5 13. O-O O-O 14.
exd5 Nxd5 15. Qf3 Nf6 16. Rfe1 Qc7 17. Qf4 Qxf4 18. gxf4 Rd8 19. Re3 Nd5 20. Rf3 Nxf4 21.
Rxf4 Rxd3 22. Nb3 g5 23. Re4 Bf5 24. Re7 Rd7 25. Rae1 Rad8 26. R7e5 Bg6 27. Nc5 Rc7 28. Re7 Rxe7 29. Rxe7 b6 30. Nd7 Kg7 31. g4 h5 32.
f3 hxg4 33. fxg4 c5 34. Kf2 Bb1 35. a3 Bc2 0-1

[Event "*** Titled Tuesday Blitz"]
[Site "Chess.com"]
[Date "2019.12.03"]
[Round "2"]
[White "Triumphmate"]
[Black "wnstop"]
[Result "0-1"]
[WhiteElo "2324"]
[BlackElo "2667"]
[TimeControl "180+2"]
[EndTime "13:22:04 PST"]
[Termination "wnstop won by checkmate"]

1. e4 c6 2. Nf3 d5 3. exd5 cxd5 4. d4 Bg4 5. Bd3 Nc6 6. c3 Qc7 7. Be3 e6 8. Nbd2 Bd6 9. Qc2 Nge7 10. O-O Rc8 11.
Rac1 Bh5 12. Qb1 Bg6 13. c4 O-O 14. a3 dxc4 15. Nxc4 Bxd3 16. Qxd3 Rfd8 17. Rfd1 Qd7 18. Nxd6 Qxd6 19. Qe2 Nd5 20. b4 h6 21. g3 a6 22. Rc5 Na7 23. Rdc1 Rc6 24. Ne5 Rxc5 25.
Rxc5 Nb5 26. a4 Nbc3 27. Qc4 b5 28. axb5 axb5 29. Qb3 Nxe3 30. fxe3 Ne4 31. Rc6 Qe7 32. Qc2 Nd6 33. Rc7 Qg5 34. Qf2 Rf8 35. Nd7 Ra8 36. Ne5 f6 37. Nf3 Ra1+ 38. Kg2 Qd5 39. Rc5 Qa2 40.
Qxa2 Rxa2+ 41. Kh3 Ne4 42. Rxb5 g5 43. g4 Rf2 44. Ne1 h5 45. gxh5 f5 46. Nd3 g4+ 47. Kh4 Rxh2# 0-1

[Event "*** Titled Tuesday Blitz"]
[Site "Chess.com"]
[Date "2019.12.03"]
[Round "2"]
[White "davigator"]
[Black "shnitez"]
[Result "1/2-1/2"]
[WhiteElo "2308"]
[BlackElo "2516"]
[TimeControl "180+2"]
[EndTime "13:22:07 PST"]
[Termination "Game drawn by repetition"]

1. e4 c5 2. Nf3 d6 3. d4 cxd4 4. Nxd4 Nf6 5. Nc3 g6 6. Be3 Bg7 7.
f3 O-O 8. Qd2 Nc6 9. g4 d5 10.
g5 Nh5 11. exd5 Nxd4 12. Bxd4 e5 13. Be3 a6 14. O-O-O b5 15. Ne4 Bd7 16. Kb1 Rc8 17. Bd3 a5 18. Rc1 Bf5 19. Be2 b4 20. Ba6 Ra8 21. Bb7 Rb8 22. Bc6 Nf4 23. h4 a4 24.
Bc5 b3 25. cxb3 axb3 26. a4 Rc8 27. Rhd1 h6 28. Rc3 hxg5 29. hxg5 Qxg5 30. Ka1 Qh4 31. Bxf8 Bxf8 32. Rxb3 Bxe4 33. fxe4 Bd6 34. a5 Qe7 35. Qe3 Kg7 36. a6 Rc7 37. Rb7 Rxb7 38. Bxb7 Qc7 39. Qc3 Qb6 40. Kb1 Ne2 41. Qc6 Qb4 42. a7 Qxe4+ 43. Ka2 Nc3+ 44. Kb3 Qb4+ 45. Kc2 Nxd1 46. a8=Q Qxb2+ 47. Kxd1 Bb4 48. Qc2 Qd4+ 49. Ke2 Qg4+ 50. Ke3 Qf4+ 51. Kd3 Qf5+ 52. Kc4 Qxc2+ 53. Kxb4 e4 54. d6 e3 55. d7 e2 56. Qe8 Qd2+ 57.
Kc5 e1=Q 58. Qxe1 Qxd7 59. Qe5+ f6 60. Qe4 Qc7+ 61. Bc6 Qa5+ 62. Kd6 Qd8+ 63. Bd7 Qb6+ 64. Bc6 Qd8+ 65. Bd7 Qb6+ 66. Bc6 Qd8+ 1/2-1/2

[Event "*** Titled Tuesday Blitz"]
[Site "Chess.com"]
[Date "2019.12.03"]
[Round "2"]
[White "raviteja81293"]
[Black "Glufs"]
[Result "1-0"]
[WhiteElo "2681"]
[BlackElo "2364"]
[TimeControl "180+2"]
[EndTime "13:22:11 PST"]
[Termination "raviteja81293 won on time"]

1. d4 d5 2. c4 c6 3. Nf3 Nf6 4. e3 Bf5 5. cxd5 cxd5 6. Nc3 a6 7. Ne5 Qc7 8. Bd2 e6 9. Rc1 Nc6 10. g4 Be4 11. f3 Bg6 12. h4 h5 13. Nxg6 fxg6 14.
g5 Ng8 15. Bd3 Qg3+ 16. Kf1 Bb4 17. Bxg6+ Kd7 18. f4 Nge7 19. Bd3 Rhf8 20. Qe2 e5 21. Be1 Qg4 22. Qxg4+ hxg4 23. dxe5 Nxe5 24. Be2 d4 25.
exd4 Rxf4+ 26. Kg2 Rxd4 27. Bf2 Rd2 28. Rhd1 Rxd1 29.
Rxd1+ Ke6 30. Ne4 Rf8 31. Bg3 N7c6 32. a3 Be7 33. Nc3 Nf3 34. Bc4+ Kf5 35. Nd5 Bc5 36.
Nf4 Nce5 37. Be6+ Ke4 38. Bd5+ Kf5 39. Ne6 Re8 40. Nxc5 1-0

[Event "*** Titled Tuesday Blitz"]
[Site "Chess.com"]
[Date "2019.12.03"]
[Round "2"]
[White "dusanacns"]
[Black "kacprekt"]
[Result "1-0"]
[WhiteElo "2694"]
[BlackElo "2342"]
[TimeControl "180+2"]
[EndTime "13:22:12 PST"]
[Termination "dusanacns won by resignation"]

1. d4 d5 2. Nf3 Nf6 3. Bf4 c5 4. e3 Nc6 5. Nbd2 e6 6. c3 Be7 7. Bd3 Nh5 8. Be5 Nxe5 9. dxe5 g6 10. h4 Ng7 11. Qa4+ Bd7 12. Qf4 Nh5 13. Qh2 Ng7 14. Qf4 Nh5 15. Qh2 Ng7 16. a3 Qb6 17. Rb1 a5 18. e4 a4 19. Qf4 Nh5 20. Qh6 c4 21. Bc2 Bc5 22. O-O O-O-O 23. Nd4 Bxd4 24.
cxd4 Qxd4 25. Nf3 Qc5 26. exd5 exd5 27. Rfd1 Bg4 28. Nd4 Bxd1 29. Rxd1 Rhe8 30. Qe3 Ng7 31. Bxa4 Re7 32. Qg5 Ne6 33. Qe3 Nxd4 34. Rxd4 f6 35. b3 Kb8 36. e6 Rd6 37. Bd7 Qc7 38. Qc3 cxb3 39. Qxb3 Qc1+ 40. Kh2 Qc7 41. g3 Rb6 42.
Qxd5 Rb2 43. Kg2 Qc2 44. Qd6+ Ka7 45. Ra4+ Qxa4 46. Bxa4 1-0

[Event "*** Titled Tuesday Blitz"]
[Site "Chess.com"]
[Date "2019.12.03"]
[Round "2"]
[White "jefferyx"]
[Black "pulvettd"]
[Result "0-1"]
[WhiteElo "2890"]
[BlackElo "2619"]
[TimeControl "180+2"]
[EndTime "13:22:16 PST"]
[Termination "pulvettd won by checkmate"]

1. c4 c6 2. d4 d5 3. Nf3 Nf6 4. cxd5 cxd5 5. Nc3 Nc6 6. Bf4 Bf5 7. Qb3 Na5 8. Qa4+ Bd7 9. Qc2 Rc8 10. e3 e6 11. Bd3 Be7 12. O-O b5 13. a3 O-O 14.
Ne5 Nc4 15. Qe2 a6 16. Rfc1 Qb6 17. Bg5 Qb7 18. a4 b4 19. Nd1 a5 20. Nxc4 dxc4 21.
Bxc4 Qe4 22. f3 Qg6 23. Bh4 Nd5 24. Bxe7 Nxe7 25. Nf2 Nf5 26. Nd3 Qh6 27. Ne5 Be8 28. f4 Nd6 29. Bd3 Rxc1+ 30. Rxc1 Bxa4 31. Ra1 Bb3 32. Rxa5 Rc8 33. Ng4 Rc1+ 34. Kf2 Qh4+ 35. g3 Qh3 36. Ra8+ Nc8 37. Bc2 g6 38. Bxb3 Kg7 39. Bd1 Nd6 40. Kf3 h5 41. Nf2 Qxh2 42. Qd2 Rxd1 43. Qxd1 Nf5 44. Nh1 h4 45. g4 Ng3 46.
Nf2 h3 47. d5 Qg2# 0-1

[Event "*** Titled Tuesday Blitz"]
[Site "Chess.com"]
[Date "2019.12.03"]
[Round "2"]
[White "TigranLPetrosyan"]
[Black "vpantev"]
[Result "1-0"]
[WhiteElo "2887"]
[BlackElo "2590"]
[TimeControl "180+2"]
[EndTime "13:22:20 PST"]
[Termination "TigranLPetrosyan won by resignation"]

1. e4 c6 2. d4 d5 3. Nc3 dxe4 4. Nxe4 Nf6 5. Nxf6+ exf6 6. c3 Bd6 7. Bd3 O-O 8.
Ne2 Re8 9. Qc2 Kh8 10. h4 h6 11.
Be3 Nd7 12. O-O-O Nf8 13. Rdg1 Be6 14. Qd2 Nh7 15. g4 Bd5 16. Rh3 Qd7 17. Bf5 Be6 18. Qd3 Bxf5 19. gxf5 Qe7 20. Kc2 Rad8 21. Rg4 a6 22.
Rh1 Rg8 23. Rhg1 c5 24. dxc5 Bh2 25. Qe4 Qxe4+ 26. Rxe4 Bxg1 27. Nxg1 Rge8 28. Rxe8+ Rxe8 29. Nf3 Nf8 30. b4 Nd7 31. a4 Rc8 32. Kd3 Kh7 33. Kc4 g5 34. h5 Nb6+ 35. Kb3 Nd5 36. Bd4 Ne7 37. Bxf6 Nxf5 38. Ne5 Ng7 39. Nxf7 Nxh5 40. Nd6 Rc7 41. Be5 Re7 42. Bh2 Nf4 43. c4 Kg6 44. b5 Rc7 45. c6 Ne6 46. Nxb7 axb5 47. cxb5 Rf7 48. b6 Rf3+ 49. Kc4 Rxf2 50. Be5 Kf5 51. Bc3 Kg4 52. c7 Nxc7 53. bxc7 Rf8 54. Nd8 1-0

[Event "*** Titled Tuesday Blitz"]
[Site "Chess.com"]
[Date "2019.12.03"]
[Round "2"]
[White "josiur"]
[Black "scrapnel"]
[Result "1/2-1/2"]
[WhiteElo "2438"]
[BlackElo "2704"]
[TimeControl "180+2"]
[EndTime "13:22:21 PST"]
[Termination "Game drawn by repetition"]

1. e4 c6 2. d4 d5 3. Nd2 dxe4 4.
Nxe4 Bf5 5. Ng3 Bg6 6. h4 h6 7. Nf3 Nf6 8. Ne5 Bh7 9. Bc4 e6 10.
Nh5 Nbd7 11. Qe2 Nxe5 12. dxe5 Nxh5 13. Qxh5 Qd4 14. Bb3 Bb4+ 15. Kf1 O-O-O 16. Kg1 Qd1+ 17. Qxd1 Rxd1+ 18. Kh2 Rxh1+ 19. Kxh1 Rd8 20. Be3 Be7 21. g3 b6 22. Kg1 Be4 23. Kf1 g5 24. hxg5 hxg5 25.
Ke1 Bf3 26. c3 Rh8 27. Kd2 c5 28. Bc4 Kc7 29. a4 Kc6 30. Kc2 g4 31. Re1 Rh5 32. Bc1 Rh2 33. Be3 Rh5 34. Bd2 Bf8 35.
b4 Bg7 36. Bf4 Rh2 37. Rf1 Bg2 38. Re1 Bd5 39. Bb5+ Kc7 40. Re2 Rh1 41. bxc5 bxc5 42. c4 Bf3 43. Rd2 Bc6 44. Bxc6 Kxc6 45. Rd6+ Kc7 46. Ra6 Kb7 47. Rd6 Kc7 48. Ra6 Kb7 49. Rd6 Kc7 1/2-1/2

[Event "*** Titled Tuesday Blitz"]
[Site "Chess.com"]
[Date "2019.12.03"]
[Round "2"]
[White "saraswathii"]
[Black "vova-79"]
[Result "0-1"]
[WhiteElo "2235"]
[BlackElo "2472"]
[TimeControl "180+2"]
[EndTime "13:22:22 PST"]
[Termination "vova-79 won by resignation"]

1. d4 d5 2. Bf4 Nf6 3. e3 c5 4. c3 Nc6 5. Nf3 Qb6 6. Qb3 c4 7. Qc2 Bf5 8. Qc1 e6 9. Nbd2 Be7 10.
Be2 O-O 11. O-O Rfc8 12. Ne5 Nxe5 13. Bxe5 Qd8 14. Bf3 b5 15. Re1 b4 16. e4 dxe4 17.
Nxe4 Nd5 18. Ng3 Bg6 19. Ne4 bxc3 20. bxc3 Qa5 21. Ng3 Rd8 22. Ne2 Rac8 23. Qd2 h6 24.
Bg3 Bg5 25. Nf4 Bxf4 26. Bxf4 Qxc3 27. Bxd5 Qxd2 28. Bxd2 Rxd5 29. Bc3 Bd3 30. Re3 Rd6 31. f3 Ra6 32. a3 Rb8 33. Ree1 Rb3 34. Bb4 c3 35.
Kf2 c2 36. Rec1 Bg6 37. Ke2 Rc6 38. Kd2 Rc4 39. Bc5 e5 40. h3 0-1

[Event "*** Titled Tuesday Blitz"]
[Site "Chess.com"]
[Date "2019.12.03"]
[Round "2"]
[White "KRASAVCHIK2002"]
[Black "DrMelekess"]
[Result "1-0"]
[WhiteElo "2453"]
[BlackElo "2702"]
[TimeControl "180+2"]
[EndTime "13:22:25 PST"]
[Termination "KRASAVCHIK2002 won by resignation"]

1. e4 Nf6 2. e5 Nd5 3. d4 d6 4. c4 Nb6 5. exd6 cxd6 6. Nc3 g6 7. Nf3 Bg7 8. Be3 O-O 9. b3 Nc6 10. Rc1 e5 11. dxe5 dxe5 12. Qxd8 Rxd8 13. c5 Nd7 14. Rd1 h6 15. Bc4 Nd4 16. Nxd4 exd4 17. Bxd4 Re8+ 18.
Ne2 Bxd4 19. Rxd4 Nxc5 20. f3 Be6 21. Bxe6 Nxe6 22. Rd2 Rad8 23. Rxd8 Rxd8 24. Nc3 Nf4 25. g3 Rd3 26. Ne2 Nd5 27. f4 Nb4 28. Kf2 Nxa2 29.
Ra1 Rd2 30. Ke3 Rb2 31. Nd4 a6 32. h4 h5 33. f5 Nb4 34. fxg6 fxg6 35. Rc1 Nd5+ 36.
Ke4 Nf6+ 37. Ke5 Ng4+ 38. Kf4 Rd2 39. Ne6 Rd7 40. Kg5 Kf7 41. Nf4 Nf6 42. Rf1 Ne4+ 43. Kh6 Nxg3 44. Rf2 Nf5+ 45. Kg5 Re7 46. Nxg6 Re6 47.
Rxf5+ Kg7 48. Nf4 1-0

[Event "*** Titled Tuesday Blitz"]
[Site "Chess.com"]
[Date "2019.12.03"]
[Round "2"]
[White "Micki-taryan"]
[Black "BvsN"]
[Result "1-0"]
[WhiteElo "2985"]
[BlackElo "2378"]
[TimeControl "180+2"]
[EndTime "13:22:26 PST"]
[Termination "Micki-taryan won by resignation"]

1. e4 c5 2. Nf3 e6 3. d4 cxd4 4. Nxd4 a6 5. Bd3 Nf6 6. Qe2 d6 7. O-O Qc7 8. Nc3 Nbd7 9. f4 Be7 10. Kh1 b5 11. a4 b4 12. Na2 Bb7 13. f5 e5 14. Nb3 a5 15. c3 d5 16. cxb4 dxe4 17. Bb5 axb4 18. Bd2 O-O 19. Bxb4 Bxb4 20. Nxb4 Nb6 21.
Rfc1 Qe7 22. Nc5 Rac8 23. Nba6 Ba8 24. b4 Nbd5 25. Qe1 Nf4 26. Bf1 Ng4 27. Qg3 h5 28. h3 Nh6 29. f6 Qxf6 30. Nd7 Qd6 31. Rd1 Qc6 32. Nxf8 Rxf8 33. b5 Qf6 34. Nc5 Nf5 35.
Qe1 e3 36. Ra2 Nxh3 37. Nd7 Qg5 38. Nxf8 Ng3+ 39. Kh2 Nf2 40. Kg1 Qh4 41. Qxe3 Ng4 42. Qxg3 Qxg3 43. Bc4 Qh2+ 44. Kf1 Qh1+ 45. Ke2 Qxg2+ 46.
Kd3 Qe4+ 47. Kc3 Ne3 48. Rd8 Qxc4+ 49. Kd2 Qxa2+ 50. Kxe3 Qb3+ 51. Ke2 Qf3+ 52. Kd2 Be4 53. Ne6+ Kh7 54. Ng5+ Kg6 55. Nxf3 Bxf3 56. Ke3 Bg2 57. Kf2 Be4 58. a5 h4 59. a6 h3 60. Kg3 f5 61.
b6 f4+ 62. Kxh3 f3 63. Kg3 1-0

[Event "*** Titled Tuesday Blitz"]
[Site "Chess.com"]
[Date "2019.12.03"]
[Round "2"]
[White "skoularikii"]
[Black "MateSchmate"]
[Result "1-0"]
[WhiteElo "2557"]
[BlackElo "2313"]
[TimeControl "180+2"]
[EndTime "13:22:27 PST"]
[Termination "skoularikii won by checkmate"]

1. e4 e6 2. d4 d5 3. Nc3 Bb4 4.
exd5 exd5 5. Bd3 Nf6 6. Ne2 O-O 7. O-O Bg4 8. f3 Bh5 9. Bg5 c6 10. Qd2 Nbd7 11. Nf4 Bg6 12. Nxg6 hxg6 13. Rfe1 Qb6 14. Qf2 Rae8 15. Bd2 Bd6 16. Na4 Qc7 17. g3 b5 18. Nc5 Bxc5 19. dxc5 Ne5 20. Bf1 Qc8 21.
g4 Ned7 22. Bf4 Rxe1 23. Rxe1 Re8 24. Bd6 Rxe1 25. Qxe1 Qe8 26. Qe7 Qxe7 27. Bxe7 d4 28. Kf2 Nd5 29. Bd6 Nb4 30. a3 Nxc2 31. Bd3 Ne3 32.
Be4 Nd1+ 33. Ke2 Nxb2 34. Bxc6 Nf6 35. Bxb5 Nd5 36. Kd2 Nc3 37. Bd3 Nba4 38. c6 Nb6 39.
Bc5 Nc8 40. Bxd4 Nd5 41. Ba6 Nd6 42. Bxa7 Kf8 43. Bb8 Ne8 44. Bc4 Nec7 45. Kd3 Ke7 46. Kd4 Kd6 47. Bxd5 f5 48. Bxc7+ Kxc7 49. gxf5 gxf5 50. a4 g5 51. a5 g4 52. f4 Kb8 53.
a6 g3 54. hxg3 Kc7 55. a7 Kd6 56. a8=Q Kc7 57. Qb7+ Kd6 58. Qd7# 1-0

[Event "*** Titled Tuesday Blitz"]
[Site "Chess.com"]
[Date "2019.12.03"]
[Round "2"]
[White "Vuks91"]
[Black "OparinGrigoriy"]
[Result "0-1"]
[WhiteElo "2627"]
[BlackElo "3021"]
[TimeControl "180+2"]
[EndTime "13:22:28 PST"]
[Termination "OparinGrigoriy won by resignation"]

1. d4 Nf6 2. Nf3 e6 3. Bf4 c5 4. e3 d5 5. Nbd2 Bd6 6. Bg3 O-O 7. c3 Qc7 8. dxc5 Bxg3 9. hxg3 Qxc5 10. Bd3 Nc6 11.
Qa4 h6 12. Qf4 Re8 13. Rxh6 gxh6 14. Qxh6 Qf8 15. Qxf6 Qg7 16. Qh4 e5 17. Bc2 e4 18.
Nd4 Nxd4 19. cxd4 Be6 20. O-O-O Rac8 21. Kb1 Qg4 22. Rh1 Qxh4 23. gxh4 Kg7 24. Bd1 f5 25. g3 Rc7 26. Bb3 Rec8 27. Rd1 a5 28. a3 b5 29. f3 Bf7 30. fxe4 fxe4 31. g4 Rh8 32. Rh1 a4 33. Bd1 Be8 34. Nf1 Rf7 35. Ng3 Bd7 36.
Nh5+ Kf8 37. Nf4 Ke8 38. g5 Rf5 39. Bg4 Rxg5 40. Bxd7+ Kxd7 41. Rc1 Rf5 42. h5 Rxf4 43. exf4 Rxh5 44. Rc5 Ke6 45. Rxb5 Rh2 46. f5+ Kxf5 47. Rxd5+ Kf4 48. Kc1 e3 49. Re5 Rd2 50. Rh5 Ke4 51. Rh4+ Kd3 52. d5 Rc2+ 53. Kb1 e2 54. Rh1 Kd2 55.
d6 Rc6 56. d7 Rd6 0-1

[Event "*** Titled Tuesday Blitz"]
[Site "Chess.com"]
[Date "2019.12.03"]
[Round "2"]
[White "IgorBjelobrk"]
[Black "semchik73"]
[Result "0-1"]
[WhiteElo "2692"]
[BlackElo "2403"]
[TimeControl "180+2"]
[EndTime "13:22:30 PST"]
[Termination "semchik73 won by checkmate"]

1. d4 d5 2. c4 c6 3. cxd5 cxd5 4. Bf4 Nc6 5. e3 Nf6 6. Nc3 a6 7. Bd3 e6 8. Rc1 Bd6 9. Bxd6 Qxd6 10. f4 b5 11. Nf3 Bb7 12. O-O O-O 13. Ne5 Rac8 14.
Qf3 Ne7 15. g4 Qb4 16. Qg2 Ne4 17. Bxe4 dxe4 18. Nd7 Rfd8 19. Nc5 Ba8 20. Nxa6 Qa5 21. Nc5 b4 22. N3a4 Nd5 23. Qd2 Bc6 24. b3 Bxa4 25.
bxa4 Nc3 26. Qc2 Qb6 27. Nxe4 Qa6 28. Nxc3 Rxc3 29. Qd2 Rdc8 30. Rxc3 bxc3 31. Qc2 Qc4 32. Rc1 Qd5 33. Kf2 h5 34. g5 Qa5 35. Qb3 Kh7 36.
a3 Kg8 37. Qb4 Qd5 38. Rxc3 Qa2+ 39. Kg3 h4+ 40. Kh3 Rxc3 41. Qxc3 Qf2 42. Qc8+ Kh7 43. Qc6 Qxe3+ 44. Kg4 f5+ 45. gxf6 gxf6 46. Qd7+ Kh6 47. Qd6 f5+ 48. Kxh4 Qf2+ 49. Kh3 Qf3+ 50. Kh4 Qg4# 0-1

[Event "*** Titled Tuesday Blitz"]
[Site "Chess.com"]
[Date "2019.12.03"]
[Round "2"]
[White "nmpdk"]
[Black "DenishevM"]
[Result "1/2-1/2"]
[WhiteElo "2332"]
[BlackElo "2615"]
[TimeControl "180+2"]
[EndTime "13:22:30 PST"]
[Termination "Game drawn by repetition"]

1. d4 d5 2. c4 c6 3. Nc3 Nf6 4. Nf3 e6 5. g3 dxc4 6. Bg2 b5 7. Ne5 Qb6 8. a4 Bb7 9. O-O a6 10. e4 Nbd7 11. Be3 Qc7 12. Bf4 Bd6 13. Nxd7 Nxd7 14. Bxd6 Qxd6 15. e5 Qc7 16. Ne4 O-O 17. Nd6 f5 18.
Qf3 Nb6 19. Nxb7 Qxb7 20. Qxc6 Qxc6 21. Bxc6 Nxa4 22. Bxa8 Rxa8 23. Rab1 Rd8 24. b3 Nc3 25. Rb2 Rxd4 26. bxc4 Rxc4 27. Ra1 Na4 28. Rd2 Kf7 29. Rd7+ Kg6 30. Rd6 Nc5 31. Rc6 Kg5 32. Kg2 f4 33.
Rd1 a5 34. Rd8 a4 35. Rb8 a3 36. Rxb5 a2 37. Ra5 Na4 38. Rxc4 a1=Q 39. gxf4+ Kf5 40. Raxa4 Qd1 41. Rd4 Qg4+ 42. Kf1 h5 43. Rd3 h4 44. h3 Qg6 45. Rad4 Qe8 46. Rd7 Qa8 47. Rxg7 Qh1+ 48. Rg1 Qc6 49. Rg4 Qh1+ 50. Rg1 Qc6 51. Rg4 Qh1+ 52. Rg1 1/2-1/2

[Event "*** Titled Tuesday Blitz"]
[Site "Chess.com"]
[Date "2019.12.03"]
[Round "2"]
[White "Saitama_Hero"]
[Black "Leonid_Starozhilov"]
[Result "0-1"]
[WhiteElo "2330"]
[BlackElo "2675"]
[TimeControl "180+2"]
[EndTime "13:22:31 PST"]
[Termination "Leonid_Starozhilov won on time"]

1. d4 Nf6 2. c4 g6 3. Nc3 Bg7 4.
e4 d6 5. Nf3 Bg4 6. Be2 O-O 7.
O-O Nfd7 8. Be3 a6 9. Qd2 c5 10. d5 Bxf3 11. Bxf3 Qa5 12. Bh6 b5 13. Bxg7 Kxg7 14.
cxb5 axb5 15. Be2 b4 16. Nd1 Nf6 17. f3 Nbd7 18. b3 h5 19. Nf2 Qb6 20. Kh1 h4 21. f4 Rh8 22. Bc4 Qc7 23. Rae1 Nh5 24. Ng4 Ndf6 25. Qb2 Qa5 26. Nxf6 exf6 27. e5 Qxa2 28.
Qxa2 Rxa2 29. exd6 Rd8 30. Re7 Rxd6 31. Rc7 Ra5 32. Kg1 f5 33. Re1 Nxf4 34. Ree7 Nxd5 35.
Rxf7+ Kh6 36. Rh7+ Kg5 37. Rcg7 Ra1+ 38. Kf2 Nf6 39.
Rh8 Ng4+ 40. Ke2 Ra2+ 41. Ke1 Rxg2 42. Bf7 Nxh2 43. Rhg8 Kf4 44. Rxg6 Nf3+ 45. Kf1 Rgxg6 46. Bxg6 h3 0-1

[Event "*** Titled Tuesday Blitz"]
[Site "Chess.com"]
[Date "2019.12.03"]
[Round "2"]
[White "riconaipe"]
[Black "goldenspine"]
[Result "1/2-1/2"]
[WhiteElo "2597"]
[BlackElo "2331"]
[TimeControl "180+2"]
[EndTime "13:22:31 PST"]
[Termination "Game drawn by repetition"]

1. e4 c6 2. Nf3 d5 3. Nc3 dxe4 4. Nxe4 Nd7 5. Qe2 Qc7 6. g3 Ngf6 7. d3 e6 8. Bf4 Qa5+ 9. Bd2 Qb6 10. O-O-O Nxe4 11. dxe4 Bc5 12. Bc3 O-O 13. Nd4 Nf6 14. f3 Bb4 15.
Bxb4 Qxb4 16. a3 Qb6 17. Bg2 e5 18. Nf5 Bxf5 19. exf5 Rfe8 20. Rhe1 Rad8 21. Rxd8 Qxd8 22. Qd2 Qxd2+ 23. Kxd2 Kf8 24. c4 Rd8+ 25. Kc3 Nd7 26. b4 f6 27. f4 exf4 28. gxf4 Nb6 29. Be4 Na4+ 30. Kb3 Nb6 31. c5 Nc8 32. a4 Ne7 33. b5 Nd5 34. Rd1 Ke7 35. Bxd5 cxd5 36. Kc3 Rd7 37.
Kd4 Kd8 38. Re1 Kc7 39. h4 Kd8 40. h5 Kc7 41. Re8 h6 42. a5 Rf7 43. Re6 Rd7 44. b6+ axb6 45. axb6+ Kd8 46. Rd6 Rxd6 47. cxd6 Ke8 48.
Kc5 Kd8 49. Kd4 Ke8 50. Kxd5 Kd7 51. Kc5 Kd8 52. Kb5 Kd7 53. Kc5 Kd8 54. Kd4 Ke8 55.
Ke4 Kd8 56. Kd4 Ke8 57. Kc4 Kd8 58. Kc5 Ke8 59. Kd5 Kd7 60. Kc5 1/2-1/2

[Event "*** Titled Tuesday Blitz"]
[Site "Chess.com"]
[Date "2019.12.03"]
[Round "2"]
[White "IMRosen"]
[Black "Sanan_Sjugirov"]
[Result "0-1"]
[WhiteElo "2600"]
[BlackElo "2910"]
[TimeControl "180+2"]
[EndTime "13:22:32 PST"]
[Termination "Sanan_Sjugirov won by resignation"]

1. d4 Nf6 2. Bf4 d5 3. e3 c5 4.
Nf3 Nc6 5. Nbd2 cxd4 6. exd4 Qb6 7. Nb3 Bg4 8. Be2 e6 9. O-O Be7 10. c3 O-O 11. Re1 Rac8 12. a4 a6 13. Ne5 Bxe2 14.
Rxe2 Nxe5 15. Bxe5 Ne4 16. a5 Qb5 17. f3 Nd6 18.
Nc5 Nc4 19. b4 Bxc5 20. dxc5 Rcd8 21. Bg3 Rfe8 22. Qe1 Qc6 23. Rd1 f6 24. h4 e5 25.
h5 h6 26. Bh2 Qe6 27. Qh4 Na3 28. Bg3 Nb5 29. Rd3 Qf5 30. Red2 e4 31. Re3 exf3 32. Rxf3 Qb1+ 33. Rf1 Qe4 34. Rf3 Qxh4 35. Bxh4 Re5 36. g4 Re4 37. Rg2 Rde8 38. Rd3 Rc4 39. Kh2 Nxc3 40.
Kh3 Ne2 41. Bg3 d4 42. Bh2 Rc3 43.
Rxc3 dxc3 44. Bd6 c2 45. Bf4 Nxf4+ 46. Kh2 Nxg2 0-1